 Dungeon Crawl Stone Soup version 0.18.1-50-g88ac8fd (webtiles) character file.

2993 Vatticson the Basher (level 9, -3/75 HPs)
             Began as a Minotaur Berserker on Oct 22, 2016.
             Was an Elder of Trog.
             Slain by a troll (5 damage)
             ... on level 1 of the Orcish Mines.
             The game lasted 00:25:51 (5822 turns).

Vatticson the Basher (Minotaur Berserker)           Turns: 5822, Time: 00:25:53

Health: -3/75      AC: 17    Str: 23    XL:     9   Next: 54%
Magic:  8/8        EV:  7    Int:  4    God:    Trog [****..]
Gold:   409        SH:  0    Dex: 12    Spells: 0 memorised, 8 levels left

rFire  . . .     SeeInvis .     z - +4 morningstar
rCold  . . .     Gourm    .     o - +1 plate armour
rNeg   . . .     Faith    .     (no shield)
rPois  .         Spirit   .     (helmet restricted)
rElec  .         Dismiss  .     (no cloak)
rCorr  .         Reflect  .     y - +0 pair of gloves
SustAt +         Harm     .     d - +2 pair of boots
MR     .....                    (no amulet)
Stlth  ..........               C - ring of sustain attributes
                                w - ring of stealth

@: exhausted, very slightly contaminated, slowed, very slow, not resistant to
hostile enchantments, extremely unstealthy
A: retaliatory headbutt, horns 2
a: Berserk, Trog's Hand, Brothers in Arms, Burn Spellbooks, Renounce Religion


You were on level 1 of the Orcish Mines.
You worshipped Trog.
Trog was greatly pleased with you.
You were not hungry.

You visited 2 branches of the dungeon, and saw 8 of its levels.

You collected 409 gold pieces.

Inventory:

Hand Weapons
 a - a +2 mace
 t - a +0 shortbow
 v - a +0 dire flail
 z - a +4 morningstar (weapon)
 B - a +4 whip
Missiles
 f - 10 javelins (quivered)
 h - 105 arrows
Armour
 b - a +0 animal skin
 d - a +2 pair of boots (worn)
 o - a +1 plate armour (worn)
 y - a +0 pair of gloves (worn)
Jewellery
 c - an uncursed ring of positive energy
 w - a ring of stealth (left hand)
 C - a ring of sustain attributes (right hand)
Wands
 g - a wand of acid (6/15)
 k - a wand of polymorph (7/24)
 m - a wand of confusion (13/48)
 A - a wand of lightning (4/15)
Scrolls
 i - 3 scrolls of teleportation
 j - 3 scrolls of remove curse
 r - 2 scrolls of recharging
 s - a scroll of enchant armour
Potions
 e - 2 potions of cancellation
 p - a potion of magic
Books
 n - a book of Spatial Translocations

   Spells                             Type                      Level
   a - Apportation                    Translocation                1
   b - Blink                          Translocation                2
   c - Shroud of Golubria             Charms/Translocation         2
   d - Portal Projectile              Translocation                3
   e - Teleport Other                 Translocation                3
   f - Passage of Golubria            Translocation                4
   Trog disapproves of the use of such an item.
Comestibles
 l - 2 meat rations
 q - a royal jelly
 x - 3 bread rations


   Skills:
 * Level 5.7 Fighting
 - Level 14.0 Maces & Flails
 + Level 2.3 Bows
 * Level 5.1 Armour
 - Level 2.2 Dodging


You had 8 spell levels left.
You didn't know any spells.

Dungeon Overview and Level Annotations

Branches:
Dungeon (9/15)                Orc (1/2) D:9
 Temple: D:4-7         Lair: D:8-11

Altars:
Cheibriados
Trog


Innate Abilities, Weirdness & Mutations

You reflexively headbutt those who attack you in melee.
You have a pair of horns on your head.


Message History

* * * LOW HITPOINT WARNING * * *
The troll claws you.
* * * LOW HITPOINT WARNING * * *
The troll claws you but does no damage.
Read which item? (? for menu, Esc to quit)
Blink to where?
Press: ? - help, Dir - move target cursor, p - orc knight You are very lightly contaminated with residual magic.
As you read the scroll of blinking, it crumbles to dust.
Drink which item? (? for menu, Esc to quit)
Okay, then.
Eat which item? (? for menu, Esc to quit)
The orc wizard no longer looks unusually strong.
The orc knight roars a battlecry!
The orcs go into a battle-frenzy!
You continue eating.
The orc wizard mumbles some strange words.
The orc wizard blinks!
The troll bites you but does no damage. The troll claws you.
You die...

# ##.#####.###
#.#....##....#
###...o...#....#. ...
##........##.....##...
#.....o$o.#..# ......
##.....##....###.....#
##...##......#.......
#..T#.o.ยง...........
###@.o####......##
##..# ##)<.$## #.##
#......# ### #..#..##
#..###... .$o# ...#
#... ....# #... ..##
##. ###


You could see an orc knight, a troll, 2 orc warriors and an orc wizard.

Vanquished Creatures
  A merfolk (D:9)
  Grinder (D:5)
  The ghost of Monkfish the Covert, an amateur KoAs (D:3)
  3 yaks (D:9)
  2 hungry ghosts (D:9)
  Edmund (D:5)
  A water moccasin (D:9)
  2 orc warriors
  A phantom (D:4)
  2 ogres (D:9)
  2 centaurs
  A scorpion (D:9)
  A crimson imp (D:5)
  3 hounds (D:9)
  2 orc priests (D:3)
  Crazy Yiuf (D:2)
  A centaur skeleton (D:5)
  A giant frog skeleton (D:9)
  Jessica (D:2)
  2 iguanas (D:5)
  A hell rat (D:9)
  4 orc wizards
  Natasha (twice) (D:2)
  2 worker ants
  A hound skeleton (D:4)
  4 gnolls (D:3)
  6 adders
  An ooze (D:3)
  2 adder skeletons
  2 worms (D:2)
  3 dart slugs
  2 giant geckos
  26 orcs
  3 ball pythons
  6 bats
  11 giant cockroaches
  2 goblins (D:2)
  14 hobgoblins
  5 jackals
  3 kobolds
  5 quokkas
  5 giant newts
  13 rats
153 creatures vanquished.

Vanquished Creatures (others)
  A human simulacrum (D:9)
  4 orcs (D:9)
5 creatures vanquished.

Grand Total: 158 creatures vanquished

Notes
Turn   | Place    | Note
--------------------------------------------------------------
     0 | D:1      | Vatticson the Minotaur Berserker began the quest for the Orb.
     0 | D:1      | Reached XP level 1. HP: 19/19 MP: 0/0
   159 | D:1      | Reached skill level 4 in Maces & Flails
   227 | D:1      | Reached XP level 2. HP: 27/27 MP: 1/1
   752 | D:1      | Reached ** piety under Trog
   949 | D:2      | Reached XP level 3. HP: 33/33 MP: 2/2
   950 | D:2      | Reached skill level 5 in Maces & Flails
   965 | D:2      | Noticed Natasha
   975 | D:2      | Killed Natasha
   976 | D:2      | Found a faded altar to an unknown god.
   983 | D:2      | Reached XP level 4. HP: 36/40 MP: 3/3
  1036 | D:2      | Reached skill level 6 in Maces & Flails
  1219 | D:2      | Found a bloodstained altar of Trog.
  1280 | D:2      | Noticed Jessica
  1286 | D:2      | Killed Jessica
  1614 | D:2      | Noticed Natasha
  1617 | D:2      | Reached *** piety under Trog
  1623 | D:2      | Killed Natasha
  1623 | D:2      | Reached skill level 7 in Maces & Flails
  1623 | D:2      | Reached XP level 5. HP: 27/46 MP: 4/4
  1765 | D:2      | Noticed Crazy Yiuf
  1772 | D:2      | Killed Crazy Yiuf
  1922 | D:3      | Reached skill level 8 in Maces & Flails
  1925 | D:3      | Reached XP level 6. HP: 47/52 MP: 5/5
  2009 | D:3      | Noticed Monkfish's ghost (amateur KoAs)
  2017 | D:3      | Killed Monkfish's ghost
  2017 | D:3      | Reached skill level 9 in Maces & Flails
  2080 | D:3      | Found a snail-covered altar of Cheibriados.
  2341 | D:3      | Reached **** piety under Trog
  2530 | D:4      | Reached XP level 7. HP: 51/58 MP: 6/6
  2586 | D:4      | Reached skill level 10 in Maces & Flails
  3204 | D:5      | Entered Level 5 of the Dungeon
  3204 | D:5      | Noticed Edmund
  3214 | D:5      | Killed Edmund
  3321 | D:5      | Noticed Grinder
  3337 | D:5      | Killed Grinder
  3337 | D:5      | Reached skill level 11 in Maces & Flails
  3337 | D:5      | Reached XP level 8. HP: 58/66 MP: 7/7
  3954 | D:5      | Reached skill level 12 in Maces & Flails
  4444 | D:6      | You fall through a shaft for 3 floors!
  4727 | D:9      | Noticed a merfolk
  4741 | D:9      | Reached skill level 13 in Maces & Flails
  4749 | D:9      | Killed a merfolk
  5115 | D:9      | Reached XP level 9. HP: 71/71 MP: 8/8
  5127 | D:9      | Reached skill level 14 in Maces & Flails
  5136 | D:9      | Found a staircase to the Orcish Mines.
  5453 | D:9      | Reached skill level 1 in Bows
  5463 | D:9      | Reached skill level 5 in Fighting
  5801 | Orc:1    | Entered Level 1 of the Orcish Mines
  5801 | Orc:1    | Noticed an orc knight
  5811 | Orc:1    | Reached skill level 5 in Armour
  5814 | Orc:1    | Noticed a troll
  5819 | Orc:1    | HP: 2/75 [troll (8)]
  5822 | Orc:1    | Slain by a troll

Skill      XL: |  1  2  3  4  5  6  7  8  9 |
---------------+----------------------------+-----
Maces & Flails | 4 5 7 8 9 11 13 14 | 14.0
Fighting       | 5 |  5.7
Armour         | 5 |  5.1
Bows           | 2 |  2.3
Dodging        | |  2.2

Action                   |  1- 3 |  4- 6 |  7- 9 || total
-------------------------+-------+-------+-------++-------
Melee: Mace              |    55 |   120 |   204 ||   379
       Headbutt          |     7 |    19 |    50 ||    76
       Morningstar       |       |       |    30 ||    30
 Fire: Shortbow          |       |       |    12 ||    12
Throw: Javelin           |       |     6 |     7 ||    13
Invok: Trog's Hand       |       |     1 |     2 ||     3
       Berserk           |       |     1 |     2 ||     3
Evoke: Wand              |       |       |     5 ||     5
  Use: Scroll            |    10 |     3 |     4 ||    17
       Potion            |     2 |     4 |       ||     6
  Eat: Chunk             |       |     1 |       ||     1
       Bread ration      |       |     1 |     4 ||     5
       Meat ration       |       |       |     1 ||     1
       Pizza             |       |       |     1 ||     1
       Beef jerky        |       |       |     1 ||     1
Armor: Ring mail         |    27 |    13 |       ||    40
       Animal skin       |     1 |       |       ||     1
       Plate armour      |       |    29 |    98 ||   127
Dodge: Dodged            |    39 |    55 |    69 ||   163
